 Dungeon Crawl Stone Soup version 0.21.1-1-g345015f (webtiles) character file.

194 Lorn the Chopper (level 5, -11/70 HPs)
             Began as a Hill Orc Berserker on Mar 12, 2018.
             Was a Believer of Trog.
             Mangled by Mirai's ghost (12 damage)
             ... on level 3 of the Dungeon.
             The game lasted 00:13:21 (2862 turns).

Lorn the Chopper (Hill Orc Berserker)               Turns: 2862, Time: 00:13:22

Health: -11/70     AC:  7    Str: 26    XL:     5   Next: 73%
Magic:  5/5        EV:  7    Int:  7    God:    Trog [**....]
Gold:   123        SH: 13    Dex: 10    Spells: 4/4 levels left

rFire    . . .     SeeInvis .   o - +0 flail
rCold    . . .     Gourm    .   r - +0 large shield
rNeg     . . .     Faith    .   g - +0 ring mail
rPois    .         Spirit   .   (no helmet)
rElec    .         Reflect  .   (no cloak)
rCorr    .         Harm     .   (no gloves)
MR       .....                  s - +1 pair of boots
Stlth    ..........             (no amulet)
HPRegen  0.21/turn              (no ring)
MPRegen  0.09/turn              (no ring)

@: berserking, very quick
A: no striking features
a: Berserk, Trog's Hand, Burn Spellbooks, Renounce Religion


You were on level 3 of the Dungeon.
You worshipped Trog.
Trog was pleased with you.
You were very hungry.

You visited 1 branch of the dungeon, and saw 3 of its levels.

You collected 123 gold pieces.

Inventory:

Hand Weapons
 a - a +0 hand axe
 o - a +0 flail (weapon)
Armour
 g - a +0 ring mail (worn)
 r - a +0 large shield (worn)
 s - a +1 pair of boots (worn)
Scrolls
 d - a scroll of teleportation
 i - 2 scrolls of enchant armour
 m - a scroll of identify
Potions
 b - a potion of heal wounds {unknown}
 e - 2 potions of flight
 f - a potion of might {unknown}
 h - a potion of ambrosia {unknown}
 j - a potion of brilliance {unknown}
 k - 3 potions of curing {unknown}
 l - 3 potions of degeneration {unknown}
Comestibles
 c - 2 rations
 p - a chunk of flesh


   Skills:
 * Level 4.4 Fighting
 + Level 4.8(5.2) Axes
 + Level 2.2(3.4) Maces & Flails
 + Level 3.0 Armour
 - Level 2.8 Dodging
 + Level 1.5 Shields


You had 4 spell levels left.
You didn't know any spells.

Dungeon Overview and Level Annotations

Branches:
Dungeon (3/15)

Altars:

Annotations:
D:3 Mirai's ghost, novice DsFi


Message History

Mirai's ghost is moderately damaged.
The jackal completely misses you. You block the jackal's attack. x2
You hit Mirai's ghost.
Mirai's ghost is heavily damaged.
You block the jackal's attack. Mirai's ghost hits you!
* * * LOW HITPOINT WARNING * * *
The jackal bites you.
* * * LOW HITPOINT WARNING * * *
You block the jackal's attack.
You are too berserk!
You are too berserk!
The jackal barely misses you. The jackal completely misses you.
You sock Mirai's ghost!
Mirai's ghost is severely damaged.
You block the jackal's attack. You block Mirai's ghost's attack.
You block the jackal's attack.
You thump Mirai's ghost!
Mirai's ghost is severely damaged.
You block the jackal's attack. x2; Mirai's ghost hits you!
You die...

##. .# .# .. #.##.#
#. ..... ##.##
##..<## #...#
##.....##
###..)####.......##
#......h#.........#
#.....@Wgh...>....+
#......h#....%....#
###...####.......##
###...#####.....##
#.......# ##...##
#.#####.# #'## #.
#.# ... # #.# #..#
. #. #.# ##..# .#.#


You could see Mirai's ghost, 3 jackals and a hobgoblin.

Vanquished Creatures
  A howler monkey (D:3)
  6 adders
  4 gnolls (D:3)
  2 oozes (D:3)
  3 dart slugs (D:1)
  2 leopard geckos (D:1)
  An orc (D:3)
  6 bats
  3 giant cockroaches
  2 goblins (D:1)
  7 hobgoblins
  A quokka (D:3)
  A frilled lizard (D:1)
  6 kobolds
  5 rats
50 creatures vanquished.

Notes
Turn   | Place    | Note
-------+----------+-------------------------------------------
     0 | D:1      | Lorn the Hill Orc Berserker began the quest for the Orb.
     0 | D:1      | Reached XP level 1. HP: 19/19 MP: 1/1
    80 | D:1      | Reached XP level 2. HP: 25/27 MP: 2/2
   660 | D:1      | Reached XP level 3. HP: 33/33 MP: 3/3
  1662 | D:2      | Reached XP level 4. HP: 31/40 MP: 4/4
  1704 | D:2      | Reached ** piety under Trog
  2358 | D:3      | Reached XP level 5. HP: 40/46 MP: 5/5
  2492 | D:3      | Reached skill level 1 in Maces & Flails
  2771 | D:3      | Reached skill level 1 in Shields
  2836 | D:3      | Noticed Mirai's ghost (novice DsFi)
  2859 | D:3      | HP: 1/70 [jackal (3)]
  2862 | D:3      | Mangled by Mirai's ghost

Skill      XL: |  1  2  3  4  5 |
---------------+----------------+-----
Fighting       | 4 |  4.4
Dodging        | 2 |  2.8
Maces & Flails | 2 |  2.2
Shields        | 1 |  1.5
Armour         | 3 |  3.0
Axes           | |  4.8

Action                   |  1- 3 |  4- 6 || total
-------------------------+-------+-------++-------
Melee: Hand axe          |    96 |       ||    96
       Flail             |    10 |   107 ||   117
Invok: Berserk           |       |     2 ||     2
  Use: Scroll            |       |     7 ||     7
  Eat: Ration            |     2 |       ||     2
Armor: Animal skin       |    18 |       ||    18
       Ring mail         |    32 |    62 ||    94
Dodge: Dodged            |    97 |    43 ||   140
Block: Large shield      |       |   124 ||   124
